AoeStats
← Notorious Guib

Lombardia

509610173Analyzed
4v4 RM · 5d ago on Sep 27, 2026· 79m 59s· 8 players
Game mode
Random Map
Map size
Large (8 player)
Population
200
Speed
Normal
Resources
Standard
Victory
Conquest
Starting age
Dark Age
Ending age
Imperial Age
RankedLock teamsTeams togetherTeam positionsShared explorationLock speedFull tech treeHidden civsTurbo modeCheats
Victory
Defeat
🇫🇷 Spanish · France
1071
+14
🇨🇳 Persians · China
1012
+17
🇫🇷 Britons · France
988
+17
🇮🇳 Ethiopians · India
937
+20
🇸🇪 Bohemians · Sweden
1127
-21
🇹🇷 Persians · Türkiye
1039
-29
🇬🇧 Teutons · United Kingdom
984
-15
🇮🇹 Mongols · Italy
939
-14
Steven
5:18 Loom
11:42 Feudal Age
13:08 Wheelbarrow
12:25 Double-Bit Axe
18:47 Castle Age
21:33 Bow Saw
21:32 Horse Collar
24:42 Stone Mining
25:43 Heavy Plow
29:30 Hand Cart
30:27 Stone Shaft Mining
29:58 Gold Mining
34:11 Gold Shaft Mining
37:23 Imperial Age
37:40 Caravan
38:25 Conscription
39:18 Two-Man Saw
39:05 Crop Rotation
41:54 Town Watch
42:52 Masonry
42:38 Murder Holes
43:45 Chemistry
43:06 Ballistics
42:53 Scale Barding Armor
42:59 Forging
42:17 Pikeman
42:57 Squires
42:43 Arson
45:19 Bloodlines
45:10 Husbandry
44:30 Cavalier
46:24 Chain Barding Armor
46:39 Iron Casting
46:41 Architecture
46:48 Town Patrol
46:18 Savar
50:49 Plate Barding Armor
51:15 Blast Furnace
51:06 Guilds
52:30 Scale Mail Armor
52:21 Fletching
52:31 Padded Archer Armor
52:23 Elite War Elephant
53:38 Hoardings
67:54 Chain Mail Armor
67:55 Leather Archer Armor
67:35 Bodkin Arrow
iamlegolas312
0:32 Loom
12:05 Feudal Age
12:57 Gold Mining
12:54 Double-Bit Axe
13:48 Horse Collar
18:38 Stone Mining
21:53 Castle Age
20:58 Fletching
21:09 Padded Archer Armor
22:23 Forging
22:42 Town Watch
23:44 Stone Shaft Mining
22:48 Crossbowman
24:28 Bow Saw
27:11 Wheelbarrow
30:24 Squires
34:54 Bodkin Arrow
35:16 Leather Archer Armor
35:27 Caravan
41:28 Imperial Age
39:09 Thumb Ring
39:27 Forging
39:18 Scale Mail Armor
41:19 Hand Cart
41:15 Heavy Plow
44:41 Iron Casting
44:21 Chain Mail Armor
51:22 Imperial Age
50:35 Royal Heirs
51:29 Arbalester
52:12 Bracer
54:34 Ring Archer Armor
55:35 Conscription
58:19 Blast Furnace
57:49 Plate Mail Armor
58:56 Gold Shaft Mining
57:48 Elite Shotel Warrior
57:56 Halberdier
61:51 Elite Shotel Warrior
62:46 Town Patrol
67:44 Torsion Engines
78:39 Spies/Treason
Noonanx
3:25 Loom
13:00 Feudal Age
18:42 Castle Age
16:32 Double-Bit Axe
16:50 Stone Mining
16:44 Horse Collar
26:39 Bow Saw
29:28 Wheelbarrow
30:03 Fletching
32:34 Yeomen
32:12 Bodkin Arrow
32:41 Ballistics
36:43 Imperial Age
34:51 Gold Mining
35:21 Fortified Wall
35:21 Padded Archer Armor
36:35 Leather Archer Armor
37:13 Hand Cart
36:45 Town Watch
38:35 Two-Man Saw
37:42 Bracer
38:46 Chemistry
37:08 Elite Longbowman
45:02 Conscription
53:59 Ring Archer Armor
53:45 Caravan
Notorious Guib
10:16 Loom
12:01 Feudal Age
16:23 Castle Age
14:42 Double-Bit Axe
15:03 Horse Collar
18:03 Bow Saw
24:21 Wheelbarrow
30:02 Imperial Age
27:27 Gold Mining
28:33 Hand Cart
30:53 Scale Barding Armor
31:58 Two-Man Saw
31:20 Bloodlines
31:10 Husbandry
31:13 Light Cavalry
31:28 Elite Conquistador
31:36 Light Cavalry
32:38 Chain Barding Armor
32:29 Forging
33:08 Hussar
34:25 Plate Barding Armor
34:30 Iron Casting
36:09 Conscription
37:24 Heavy Plow
38:53 Blast Furnace
39:11 Chemistry
49:12 Cavalier
52:25 Paladin
54:29 Masonry
Sneaky Zucchini
12:11 Feudal Age
13:21 Loom
16:30 Castle Age
17:03 Scale Barding Armor
17:29 Forging
17:08 Double-Bit Axe
18:35 Bloodlines
20:31 Chain Barding Armor
23:15 Wheelbarrow
23:38 Iron Casting
26:30 Bow Saw
26:02 Horse Collar
33:39 Imperial Age
32:27 Scale Mail Armor
34:22 Chain Mail Armor
33:46 Cavalier
36:06 Plate Barding Armor
35:36 Heavy Plow
37:37 Blast Furnace
37:16 Conscription
40:08 Plate Mail Armor
39:51 Paladin
44:58 Crenellations
44:29 Fletching
45:06 Bodkin Arrow
47:37 Plate Mail Armor
48:28 Two-Man Saw
47:59 Crop Rotation
51:40 Padded Archer Armor
53:56 Leather Archer Armor
53:53 Elite Teutonic Knight
56:00 Ring Archer Armor
60:43 Elite Skirmisher
70:02 Caravan
NUTAS
12:57 Feudal Age
11:15 Loom
17:23 Horse Collar
20:02 Wheelbarrow
19:45 Double-Bit Axe
23:22 Castle Age
21:17 Gold Mining
21:17 Stone Mining
22:06 Town Watch
24:00 Scale Barding Armor
24:06 Forging
26:00 Hand Cart
26:18 Bow Saw
27:39 Gold Shaft Mining
27:39 Stone Shaft Mining
29:44 Iron Casting
29:09 Scale Mail Armor
29:29 Chain Barding Armor
33:08 Husbandry
33:18 Bloodlines
34:12 Heavy Plow
34:44 Ballistics
37:14 Chain Barding Armor
37:32 Stone Shaft Mining
37:09 Elite Skirmisher
37:47 Fletching
37:57 Padded Archer Armor
38:36 Caravan
39:36 Leather Archer Armor
39:17 Bodkin Arrow
41:13 Thumb Ring
43:54 Imperial Age
42:50 Bloodlines
43:49 Elite War Elephant
44:36 Kamandaran
45:00 Conscription
46:28 Citadels
45:43 Heavy Cavalry Archer
46:49 Parthian Tactics
47:08 Plate Barding Armor
47:01 Town Patrol
48:06 Chemistry
48:19 Crop Rotation
50:17 Hoardings
51:11 Two-Man Saw
53:51 Blast Furnace
52:28 Sappers
53:47 Heated Shot
54:08 Masonry
63:49 Heavy Camel Rider
66:30 Scale Mail Armor
67:01 Ring Archer Armor
67:32 Light Cavalry
70:37 Chain Mail Armor
70:08 Hussar
73:51 Crossbowman
King of Avalon
7:31 Loom
10:26 Feudal Age
12:05 Double-Bit Axe
15:41 Wheelbarrow
14:49 Horse Collar
21:17 Castle Age
22:28 Bow Saw
28:00 Imperial Age
25:51 Hand Cart
25:23 Town Watch
25:11 Pikeman
27:19 Chemistry
27:05 Scale Mail Armor
27:16 Forging
28:38 Hand Cart
30:24 Chain Mail Armor
31:19 Arson
31:35 Squires
34:56 Halberdier
38:25 Houfnice
42:48 Siege Engineers
48:33 Heavy Plow
49:36 Two-Man Saw
49:12 Caravan
61:10 Fortified Wall
61:40 Masonry
62:03 Plate Mail Armor
62:09 Iron Casting
66:11 Murder Holes
66:47 Architecture
69:29 Blast Furnace
69:41 Ballistics
Boiler
15:00 Feudal Age
20:09 Castle Age
18:11 Horse Collar
18:18 Double-Bit Axe
23:21 Loom
28:21 Wheelbarrow
28:05 Heavy Plow
28:39 Caravan
29:58 Bow Saw
29:28 Elite Skirmisher
30:41 Padded Archer Armor
30:32 Fletching
33:54 Bodkin Arrow
34:14 Leather Archer Armor
39:22 Imperial Age
37:45 Ballistics
37:21 Murder Holes
42:25 Conscription
41:28 Elite Mangudai
45:00 Coinage
46:00 Chemistry
45:12 Fortified Wall
47:02 Town Watch
47:26 Bracer
47:36 Forging
47:32 Scale Barding Armor
47:28 Scale Mail Armor
66:49 Parthian Tactics
65:45 Heavy Cavalry Archer
Connection lost

Rejoining the realm…

Still unreachable

The connection could not be restored.

Session expired

The server has moved on; the page needs a fresh start.